 Dungeon Crawl Stone Soup version 0.27.1-1-g398f81649c (webtiles) character file.

Game seed: 14104710021287827583

507 Elvor the Sneak (level 7, -1/43 HPs)
             Began as a Gargoyle Delver on Sept 13, 2021.
             Killed from afar by an orc wizard (5 damage)
             ... with a magic dart
             ... on level 3 of the Dungeon.
             The game lasted 00:37:00 (4120 turns).

Elvor the Sneak (Gargoyle Delver)                   Turns: 4120, Time: 00:37:00

Health: -1/43      AC: 16    Str: 17    XL:     7   Next: 18%
Magic:  9/9        EV: 10    Int: 11    God:
Gold:   171        SH:  0    Dex: 11    Spells: 5/9 levels left

rFire    . . .     SeeInvis .   u - +0 flail
rCold    . . .     Faith    .   (no shield)
rNeg     + . .     Spirit   .   i - +0 scale mail
rPois    ∞         Reflect  .   (no helmet)
rElec    +         Harm     .   l - +0 cloak
rCorr    .         Rampage  .   (no gloves)
Will     .....                  (no boots)
Stlth    ++........             (no amulet)
HPRegen  0.14/turn              k - +4 ring of protection
MPRegen  0.11/turn              (no ring)

@: no status effects
A: sickness immunity, AC +4, negative energy resistance 1, electricity
resistance, torment resistance 1, petrification resistance
a: no special abilities


You were on level 3 of the Dungeon.
You visited 2 branches of the dungeon, and saw 6 of its levels.

You collected 171 gold pieces.

Inventory:

Hand Weapons
 u - a +0 flail (weapon)
Missiles
 a - 3 javelins (quivered)
 h - 201 stones
 m - 43 sling bullets
 o - 24 bolts
Armour
 i - a +0 scale mail (worn)
 l - a +0 cloak (worn)
Jewellery
 k - a +4 ring of protection (left hand)
Wands
 g - a wand of digging (2)
Scrolls
 b - 2 scrolls of enchant armour {unknown}
 c - 2 scrolls of fog
 d - 2 scrolls of magic mapping
 e - a scroll of fear
 f - a scroll of teleportation {unknown}
 j - a scroll of blinking {unknown}
 q - a scroll of amnesia {unknown}
 r - a scroll of identify {unknown}
 s - a scroll of noise {unknown}
 t - a scroll of acquirement {unknown}
Potions
 n - a potion of curing {unknown}
 p - 2 potions of attraction {unknown}
 v - a potion of degeneration {unknown}


   Skills:
 + Level 4.1 Fighting
 + Level 4.6 Maces & Flails
 + Level 0.5 Throwing
 + Level 2.7 Armour
 + Level 2.1 Dodging
 + Level 6.6 Stealth
 + Level 1.5 Spellcasting
 + Level 1.0 Necromancy
 + Level 0.6 Evocations


You had 5 spell levels left.
You knew the following spells:

 Your Spells              Type           Power      Damage    Failure   Level
a - Pain                  Necr           12%        1d4       54%         1
b - Passwall              Tmut/Erth      0%         N/A       83%         2
c - Magic Dart            Conj           0%         1d3       71%         1

Your spell library contained the following spells:

 Spells                   Type           Power      Damage    Failure   Level
 Corpse Rot               Necr/Air       N/A        N/A       77%         2
 Searing Ray              Conj           0%         3d3       83%         2
 Swiftness                Air            0%         N/A       97%         3
 Dispel Undead            Necr           3%         3d7       100%        4
 Fulminant Prism          Conj/Hex       0%         3d6       100%        4
 Agony                    Necr           3%         N/A       100%        5
 Excruciating Wounds      Necr           1%         N/A       100%        5
 Death Channel            Necr           1%         N/A       100%        6
 Invisibility             Hex            0%         N/A       100%        6


Dungeon Overview and Level Annotations

Branches:
Dungeon (5/15)             Temple (1/1) D:4

Altars:
Ashenzari
Dithmenos
Fedhas
Gozag
Hepliaklqana
Kikubaaqudgha
Makhleb
Qazlal
Trog
Vehumet
Wu Jian
Xom
Yredelemnul
Zin
The Shining One


Innate Abilities, Weirdness & Mutations

You are immune to sickness and miasma.
Your stone body is resilient. (AC +4)
You are immune to poison.
You resist negative energy. (rN+)
You are resistant to electric shocks. (rElec)
You are resistant to unholy torment.
You are immune to petrification.


Message History

You hit something. Something hits you but does no damage.
You closely miss something. Something hits you but does no damage.
You hear some strange, mumbled words.
Something tries to affect you, but you resist.
You closely miss something. Something hits you but does no damage.
You miss something. Something hits you but does no damage.
Your scale mail prevents you from hitting something.
You hear some strange, mumbled words.
A magic dart appears from out of thin air!
The magic dart hits you.
You miss something. Something completely misses you.
You closely miss something. Something hits you but does no damage.
You miss something.
Something hits you but does no damage. x2
You closely miss something. Something hits you but does no damage.
The orc priest shouts!
The orc priest calls down the wrath of Beogh upon you.
Beogh smites you!
Aiming: Dig
Press: ? - help, Shift-Dir - straight line, f - you Please select a direction to dig.
The rock shatters into small pieces.
Something hits you but does no damage.
The orc priest casts a cantrip, but nothing happens.
There is a stone staircase leading up here.
The orc priest invokes the aid of Beogh against you.
Beogh smites you!
* * * LOW HITPOINT WARNING * * *
Something hits you.
* * * LOW HITPOINT WARNING * * *
You climb upwards.
Reactivating autopickup.
There is a stone staircase leading down here.
There is an open door here.
You hear some strange, mumbled words.
A puff of flame appears from out of thin air!
Deactivating autopickup; reactivate with Ctrl-A.
The puff of flame hits you!
* * * LOW HITPOINT WARNING * * *
A magic dart appears from out of thin air!
The magic dart hits you.
You die...

#.# #..##.#.# #..#.###
#.## #..##.#.# #..#<...
#######..# #..##.#.#
#####..#.### .....###.#
#..##.#.###...#..#.#
.....#
#.###..##.#...'...'..#.#
.....#
#..##..##.#####...#.##.###
.....# ##.##.......#
#...#.##.... .....#
#..#...#.#.# #...#.######
.....# ##.#...#@#.#
#...#.# .....# #.....#.#.#
#...#.# .....# ##....#.#.#
#...#.######
.....######....#.#.#
#...#.......
.....##........{.#.#
#...########
#######.#....>.###.# #...#
........#.##...# #.# #####
.########.##...# #.# .#
#.##...###'##


There were no monsters in sight!

Vanquished Creatures
  Sigmund (D:3)
  A water moccasin (D:3)
  A necrophage (D:3)
  A hound (D:4)
  5 adders
  5 worms
  2 dart slugs
  An orc (D:5)
  11 endoplasms
  A giant cockroach (D:1)
  12 hobgoblins
  4 jackals (D:2)
  6 kobolds
  6 quokkas
  6 ball pythons
  3 bats
  6 goblins
  7 rats
79 creatures vanquished.

Vanquished Creatures (others)
  An adder (D:3)
1 creature vanquished.

Grand Total: 80 creatures vanquished

Notes
Turn   | Place    | Note
-------+----------+-------------------------------------------
     0 | D:5      | Elvor the Gargoyle Delver began the quest for the Orb.
     0 | D:5      | Reached XP level 1. HP: 14/14 MP: 1/1
   134 | D:4      | Noticed an orc wizard
   137 | D:4      | Noticed an orc priest
   257 | D:5      | Reached skill level 6 in Stealth
   257 | D:5      | Reached XP level 2. HP: 16/19 MP: 2/2
   417 | D:3      | Reached XP level 3. HP: 20/23 MP: 3/3
  1273 | D:2      | Reached XP level 4. HP: 26/28 MP: 4/4
  1391 | D:2      | Reached skill level 1 in Armour
  1464 | D:2      | Learned a level 1 spell: Pain
  2319 | D:3      | Reached XP level 5. HP: 31/32 MP: 2/5
  2344 | D:3      | Noticed a water moccasin
  2710 | D:3      | Learned a level 2 spell: Passwall
  2712 | D:3      | Learned a level 1 spell: Magic Dart
  2721 | D:3      | Noticed Sigmund
  3028 | D:3      | Noticed a necrophage
  3110 | D:3      | Killed a necrophage
  3111 | D:3      | Reached skill level 1 in Spellcasting
  3111 | D:3      | Reached XP level 6. HP: 32/38 MP: 7/7
  3420 | D:3      | Killed a water moccasin
  3421 | D:3      | Reached skill level 1 in Necromancy
  3724 | D:3      | Killed Sigmund
  3725 | D:3      | Reached XP level 7. HP: 33/43 MP: 9/9
  3848 | D:4      | Found a staircase to the Ecumenical Temple.
  3857 | Temple   | Entered the Ecumenical Temple
  4018 | D:4      | Found an ornate altar of the Wu Jian Council.
  4120 | D:3      | Killed from afar by an orc wizard

Illustrated notes

Levels and vault maps discovered:
D:1:      heliophobic_arrival_battle_scene, layout_basic,
          corexii_leaking_fountain, minmay_door_square
D:2:      layout_loops_ring, minmay_hexomino_c4
D:3:      layout_basic, uniq_sigmund
D:4:      layout_basic, mainiacjoe_overflow_large_starburst,
          nzn_wu_jian_contemplation, mainiacjoe_overflow_small_starburst,
          minmay_temple_entry_poolview, biasface_ghost_orc_armoury
D:5:      layout_cave_pools, mainiacjoe_overflow_alcove_1, okawaru_gym_becter,
          minmay_misc_feat_x, kennysheep_generic_room_11,
          uniq_crazy_yiuf_cottage
Temple:   nicolae_temple_great_sept

Skill      XL: |  1  2  3  4  5  6 |
---------------+-------------------+-----
Stealth        | 6 |  6.6
Armour         | 1 2 |  2.7
Maces & Flails | 3 4 |  4.6
Spellcasting   | 1 |  1.5
Fighting       | 4 |  4.1
Dodging        | 2 |  2.1
Necromancy     | 1 |  1.0
Throwing       | |  0.5
Evocations     | |  0.6

Action                   |  1- 3 |  4- 6 |  7- 9 || total
-------------------------+-------+-------+-------++-------
Melee: Mace              |    94 |   121 |       ||   215
       Flail             |       |    49 |    40 ||    89
Throw: Stone             |       |     4 |       ||     4
       Javelin           |       |     2 |       ||     2
 Cast: Pain              |       |    16 |       ||    16
Evoke: Wand              |       |     6 |     1 ||     7
  Use: Potion            |       |     1 |       ||     1
 Stab: Sleeping          |     2 |     5 |       ||     7
Armor: Scale mail        |    46 |    99 |    40 ||   185
       Leather armour    |     2 |       |       ||     2
Dodge: Dodged            |    43 |    65 |    16 ||   124
